 Dungeon Crawl Stone Soup version 0.23.2-33-g5129a83184 (webtiles) character file.

Game seed: 16370970365057127293

23 MalarOregon the Chiller (level 2, -1/22 (23) HPs)
             Began as a Ghoul Ice Elementalist on July 12, 2019.
             Slain by an adder (4 damage)
             ... on level 2 of the Dungeon.
             The game lasted 00:01:52 (821 turns).

MalarOregon the Chiller (Ghoul Ice Elementalist)     Turns: 821, Time: 00:01:53

HP:   -1/22 (23)    AC:  2    Str: 11    XL:     2   Next: 95%
MP:   0/4           EV: 12    Int: 10    God:
Gold: 63            SH:  0    Dex:  9    Spells: 4/5 levels left

rFire    . . .     SeeInvis .   f - +0 mace
rCold    + . .     Gourm    .   (no shield)
rNeg     + + +     Faith    .   a - +0 robe
rPois    ∞         Spirit   .   (no helmet)
rElec    .         Reflect  .   (no cloak)
rCorr    .         Harm     .   (no gloves)
MR       .....                  (no boots)
Stlth    ++........             (no amulet)
HPRegen  0.00/turn              (no ring)
MPRegen  0.09/turn              (no ring)

@: very slightly contaminated, rotting
A: rotting body, claws 1, carnivore, cold resistance 1, negative energy
resistance 3, inhibited regeneration, torment resistance, unbreathing
a: no special abilities


You were on level 2 of the Dungeon.
You were not hungry.

You visited 1 branch of the dungeon, and saw 2 of its levels.

You collected 63 gold pieces.

Inventory:

Hand Weapons
 f - a +0 mace (weapon)
   (You found it on level 1 of the Dungeon)
Armour
 a - a +0 robe (worn)
Scrolls
 b - a scroll of teleportation {unknown}
 d - a scroll of identify {unknown}
Potions
 g - a potion of heal wounds {unknown}
 h - a potion of curing {unknown}
Comestibles
 e - a ration {!d}


   Skills:
 + Level 1.3 Fighting
 - Level 1.7 Dodging
 - Level 2.1 Stealth
 + Level 2.2 Spellcasting
   Level 0.7 Conjurations
 + Level 3.7 Ice Magic


You had 4 spell levels left.
You knew the following spells:

 Your Spells              Type           Power        Failure   Level  Hunger
a - Freeze                Ice            #...         7%          1    ##.....

Your spell library contained the following spells:

 Spells                   Type           Power        Failure   Level  Hunger
 Throw Frost              Conj/Ice       #.....       19%         2    ###....
 Ozocubu's Armour         Chrm/Ice       #.......     41%         3    ####...
 Throw Icicle             Conj/Ice       #.......     77%         4    #####..
 Summon Ice Beast         Ice/Summ       #.......     82%         4    #####..


Dungeon Overview and Level Annotations

Branches:
Dungeon (2/15)

Altars:


Innate Abilities, Weirdness & Mutations

Your body is rotting away.
You thrive on raw meat.
You are immune to poison.
You have sharp fingernails.
You are carnivorous and can eat meat at any time.
Your flesh is cold resistant. (rC+)
You are immune to negative energy. (rN+++)
You do not regenerate when monsters are visible.
You are immune to unholy pain and torment.
You can survive without breathing.


Message History

You kill the rat!
No target in view!
No target in view!
You butcher the bat corpse.
c - a chunk of flesh You see here a bat skeleton. x2
Eating a chunk of flesh.
You eat the chunk of flesh.
You feel more resilient.
This raw flesh tastes great!
There is a stone staircase leading up here.
You now have 63 gold pieces (gained 9).
Your magical contamination has completely faded away.
Found a yellow potion.
A hobgoblin comes into view.
A hobgoblin is nearby!
A hobgoblin is nearby!
A hobgoblin is nearby!
The hobgoblin shouts!
An adder comes into view.
The adder moves out of view.
The hobgoblin hits you but does no damage.
You barely miss the hobgoblin. The hobgoblin barely misses you.
You barely miss the hobgoblin. The hobgoblin hits you.
The hobgoblin barely misses you.
You closely miss the hobgoblin. The hobgoblin barely misses you.
You hit the hobgoblin but do no damage. The hobgoblin closely misses you.
The adder hisses angrily.
You hit the hobgoblin but do no damage. The hobgoblin hits you. x2
You sock the hobgoblin!
You kill the hobgoblin!
The adder bites you.
* * * LOW HITPOINT WARNING * * *
Found a faded altar of an unknown god.
Things that are here:
a +0 robe; a hobgoblin corpse
Aim: an adder You freeze the adder.
The adder barely misses you.
Aim: an adder (moderately wounded)
You freeze the adder. The adder bites you.
* * * LOW HITPOINT WARNING * * *
Aim: an adder (heavily wounded)
You miscast Freeze.
You are very lightly contaminated with residual magic.
Wisps of condensation drift from your claws.
The adder barely misses you. x2
You don't know that spell.
Aim: an adder (heavily wounded)
You freeze the adder.
The adder seems to slow down.
The adder bites you.
* * * LOW HITPOINT WARNING * * *
You hit the adder. The adder bites you.
You die...

............###.
........÷.......#..≈≈≈≈
......)<..........≈≈≈≈♣_
...................≈≈≈.≈
...##.............≈≈≈≈≈≈
#######...........≈≈≈≈≈≈
# ##...........≈≈≈≈≈ #
##...#....!...≈≈≈ #
######....@S...... #
##......##......... #
####..#######.........
###....## #.........
....#### #.........
.#### ##....#### ##
####..# #.#


You could see an adder.

Vanquished Creatures
  4 bats
  2 giant cockroaches (D:1)
  2 goblins (D:1)
  3 hobgoblins
  2 frilled lizards (D:1)
  7 kobolds
  A rat (D:2)
21 creatures vanquished.

Notes
Turn   | Place    | Note
-------+----------+-------------------------------------------
     0 | D:1      | MalarOregon the Ghoul Ice Elementalist began the quest for
                  | the Orb.
     0 | D:1      | Reached XP level 1. HP: 14/14 MP: 2/2
    35 | D:1      | Reached XP level 2. HP: 18/22 MP: 2/4
    90 | D:1      | Reached skill level 1 in Fighting
   547 | D:1      | HP: 1/23 [kobold/+1 dagger of flaming (2)]
   816 | D:2      | Found a faded altar of an unknown god.
   821 | D:2      | Slain by an adder

Skill      XL: |  1  2 |
---------------+-------+-----
Spellcasting   | 2 |  2.2
Fighting       | 1 |  1.3
Dodging        | |  1.7
Stealth        | |  2.1
Conjurations   | |  0.7
Ice Magic      | |  3.7

Action                   || total
-------------------------++-------
Melee: Unarmed           ||    25
       Mace              ||    35
       Dagger            ||     7
 Cast: Freeze            ||    13
 Stab: Sleeping          ||     2
  Eat: Chunk             ||     8
Armor: Robe              ||    12
Dodge: Dodged            ||    58
